 Dungeon Crawl Stone Soup version 0.31-a0-232-gb1c03b2570 (webtiles) character file.

Game seed: 8088579265895603177

414 qw the Shooter (level 6, -7/52 HPs)
             Began as a Minotaur Hexslinger on July 6, 2023.
             Mangled by an iguana (9 damage)
             ... on level 4 of the Dungeon.
             The game lasted 00:00:55 (2279 turns).

qw the Shooter (Minotaur Hexslinger)                Turns: 2279, Time: 00:00:55

Health: -7/52      AC:  3    Str: 12    XL:     6   Next: 60%
Magic:  6/6        EV: 12    Int: 10    God:
Gold:   97         SH:  0    Dex: 15    Spells: 6/7 levels left

rFire   . . .        Y - +3 sling
rCold   . . .        (no shield)
rNeg    . . .        f - +0 leather armour
rPois   .            (helmet restricted)
rElec   .            (no cloak)
rCorr   .            (no gloves)
SInv    .            (no boots)
Will    .....        (no amulet)
Stlth   +            (no ring)
HPRegen 0.28/turn    (no ring)
MPRegen 0.10/turn

%: no passive effects
@: about to teleport
A: horns 2, retaliatory headbutt
a: no special abilities


You were on level 4 of the Dungeon.
You visited 1 branch of the dungeon, and saw 4 of its levels.

You collected 97 gold pieces.


Innate Abilities, Weirdness & Mutations

You have a pair of horns on your head.
You reflexively headbutt those who attack you in melee.


   Skills:
 - Level 4.2 Fighting
 + Level 6.8 Ranged Weapons
 - Level 2.1 Dodging
 - Level 1.0 Spellcasting
 - Level 2.0 Hexes


You had 6 spell levels left.
You knew the following spells:

 Your Spells              Type           Power      Damage    Failure   Level
a - Slow                  Hex            16%        N/A       19%         1

Your spell library contained the following spells:

 Spells                   Type           Power      Damage    Failure   Level
 Inner Flame              Hex/Fire       2%         N/A       65%         3
 Portal Projectile        Hex/Tloc       4%         N/A       65%         3
 Cause Fear               Hex            2%         N/A       88%         4

Inventory:

Hand Weapons
 Y - a +3 sling (weapon)
Armour
 f - a +0 leather armour (worn)
Scrolls
 a - 3 scrolls of identify
 g - a scroll of teleportation
Potions
 b - a potion of enlightenment {unknown}
 c - a potion of might {unknown}
 h - 2 potions of haste
 i - a potion of curing

Dungeon Overview and Level Annotations

Branches:
Dungeon (4/15)
 Temple: D:4-7

Altars:

Shops:
D:1 *

Annotations:
D:3 1 runed translucent door, qw's ghost, amateur MiHs


Message History

2268 ||| FLEEEEING.
You see here a hobgoblin corpse.
2269 ||| FLEEEEING.
An endoplasm comes into view.
You shoot a sling bullet. The endoplasm quivers.
The sling bullet hits the iguana.
The iguana is moderately wounded.
You shoot a sling bullet. The sling bullet hits the iguana!
The iguana is severely wounded.
You shoot a sling bullet.
The sling bullet hits the iguana but does no damage.
The iguana is severely wounded.
The iguana bites you but does no damage.
You shoot a sling bullet. The sling bullet hits the iguana.
The iguana is almost dead.
The iguana bites you!
You shoot a sling bullet.
The sling bullet hits the iguana but does no damage.
The iguana is almost dead.
The iguana bites you!
You shoot a sling bullet.
The sling bullet barely misses the iguana.
The iguana closely misses you.
You shoot a sling bullet.
The sling bullet completely misses the iguana.
The iguana bites you. The endoplasm hits you.
You shoot a sling bullet.
The sling bullet hits the iguana but does no damage.
The iguana is almost dead.
The iguana bites you. The endoplasm hits you.
2278 ||| READING 2 scrolls of teleportation.
As you read the scroll of teleportation, it crumbles to dust.
You feel strangely unstable. The iguana bites you!
The endoplasm hits you but does no damage.
You shoot a sling bullet.
The sling bullet barely misses the iguana.
The iguana bites you!
You die...

## ..# #..# ...# ####
#..# #..## #?..#
#...#####
#.)###.......##
#)%.l....#....#
#)####@...#..###
#J#..##./#### #
#...........# .. .#
#.......#...<... ..
#%####.#....###......
..# #............#......
#.##...........##......
#.....#.......).......
.##..#.##.......##......


You could see an iguana and an endoplasm.

Vanquished Creatures
  Sigmund (D:2)
  A scorpion (D:4)
  2 hounds (D:4)
  8 adders
  An ufetubus (D:4)
  2 worms (D:2)
  3 dart slugs
  3 bats
  10 endoplasms
  A giant cockroach (D:3)
  5 hobgoblins
  2 jackals (D:2)
  6 kobolds
  A quokka (D:2)
  6 ball pythons
  5 frilled lizards
  5 goblins
  5 rats
67 creatures vanquished.

Notes
Turn   | Place    | Note
-------+----------+-------------------------------------------
     0 | D:1      | qw the Minotaur Hexslinger began the quest for the Orb.
     0 | D:1      | Reached XP level 1. HP: 16/16 MP: 1/1
     0 | D:1      | 0 ||| qw: Version: 0.3-a-46-gb1f654a
     0 | D:1      | 0 ||| qw: Game counter: 2087
     0 | D:1      | 0 ||| qw: Melee chars always use a shield: true
     0 | D:1      | 0 ||| qw: God list: Okawaru
     0 | D:1      | 0 ||| qw: Allow faded altars: false
     0 | D:1      | 0 ||| qw: Do Orc after clearing Dungeon:15 true
     0 | D:1      | 0 ||| qw: Do second Lair branch before Depths: true
     0 | D:1      | 0 ||| qw: Lair rune preference: random
     0 | D:1      | 0 ||| qw: Goals: Normal
     0 | D:1      | 0 ||| PLANNING D:1-11
    68 | D:1      | Reached skill level 3 in Ranged Weapons
    68 | D:1      | Reached XP level 2. HP: 23/23 MP: 2/2
   213 | D:1      | Found Caistusoy's General Store.
   223 | D:1      | 223 ||| SHOPLISTING +2 robe of positive energy (205 gold,
                  | have 0).
   223 | D:1      | 223 ||| SHOPLISTING potion of curing (42 gold, have 0).
   223 | D:1      | 223 ||| SHOPLISTING potion of enlightenment (70 gold, have
                  | 0).
   223 | D:1      | 223 ||| SHOPLISTING potion of heal wounds (70 gold, have
                  | 0).
   223 | D:1      | 223 ||| SHOPLISTING potion of might (56 gold, have 0).
   618 | D:1      | 618 ||| UPGRADING to +0 leather armour.
   628 | D:1      | 628 ||| DROPPING +0 robe.
   629 | D:1      | 629 ||| READING 3 scrolls labelled SYSIUL YSOYNIEQ.
   630 | D:1      | 630 ||| READING scroll labelled POANODGH YVYR.
   633 | D:1      | 633 ||| READING scroll labelled FAFERI LECHIA.
   634 | D:1      | 634 ||| READING scroll labelled YNTEXO IN XOVO.
   635 | D:1      | 635 ||| READING 2 scrolls of identify.
   635 | D:1      | 635 ||| IDENTIFYING glowing emerald potion
   636 | D:1      | 636 ||| DROPPING scroll of poison.
   686 | D:2      | 686 ||| READING scroll of enchant weapon.
   686 | D:2      | 686 ||| ENCHANTING +2 sling.
   727 | D:2      | Reached XP level 3. HP: 19/29 MP: 3/3
   891 | D:2      | Noticed Sigmund
   901 | D:2      | Killed Sigmund
   902 | D:2      | Reached skill level 6 in Ranged Weapons
   902 | D:2      | Reached XP level 4. HP: 18/36 MP: 4/4
   902 | D:2      | Reached XP level 5. HP: 20/41 MP: 5/5
  1387 | D:2      | Reached skill level 3 in Fighting
  1463 | D:2      | Found a faded altar of an unknown god.
  1466 | D:2      | 1466 ||| READING scroll labelled BILUACZOALE.
  1467 | D:2      | 1467 ||| READING scroll labelled QAJIB QUPRIARU.
  1545 | D:2      | 1545 ||| READING scroll labelled UBLAPT WAEQ.
  1546 | D:2      | 1546 ||| READING scroll labelled OTACIT YCIOBAQO.
  1547 | D:2      | 1547 ||| READING 2 scrolls of identify.
  1547 | D:2      | 1547 ||| IDENTIFYING pink potion
  1941 | D:3      | Noticed qw's ghost (amateur MiHs)
  1949 | D:3      | Found a runed translucent door.
  2124 | D:3      | 2124 ||| READING scroll labelled YGRANUNUPU.
  2171 | D:4      | Reached XP level 6. HP: 52/52 MP: 6/6
  2268 | D:4      | 2268 ||| FLEEEEING.
  2269 | D:4      | 2269 ||| FLEEEEING.
  2277 | D:4      | HP: 11/52 [endoplasm (3)]
  2278 | D:4      | 2278 ||| READING 2 scrolls of teleportation.
  2278 | D:4      | HP: 1/52 [iguana (10)]
  2279 | D:4      | Mangled by an iguana

Levels and vault maps discovered:
D:1:      minmay_arrival_wavy_path, layout_basic, serial_shops, shop
D:2:      layout_rooms, serial_corexii_hall, corexii_hall_statues_l,
          corexii_hall_statues_x, dilly_ecumenical_altar_fadedgnrine,
          minmay_misc_feat_rows, uniq_sigmund
D:3:      layout_rooms, hellmonk_ghost_happy_afterlife, kennysheep_nub,
          hangedman_decor_slide_cut, nicolae_kite_square_tiling_tiny
D:4:      layout_cave_pools, minitemple, corexii_item_surrounded_by_moat,
          chequers_serial_rivers_micro_b, minmay_vboxes, uniq_crazy_yiuf_cottage

Skill      XL: |  1  2  3  4  5  6 |
---------------+-------------------+-----
Ranged Weapons | 3 6 |  6.8
Fighting       | 2 3 4 |  4.2
Dodging        | |  2.1
Spellcasting   | |  1.0
Hexes          | |  2.0

Action                     |  1- 3 |  4- 6 || total
---------------------------+-------+-------++-------
   Fire: Sling             |    90 |   113 ||   203
    Use: Scroll            |     6 |     7 ||    13
 Armour: Robe              |     3 |       ||     3
         Leather armour    |     9 |    12 ||    21
  Dodge: Dodged            |    19 |    24 ||    43

Table legend:
 A = Non-vault XP
 B = Vault XP
 C = Vault XP percentage of total XP
 D = Non-vault monster count
 E = Vault monster count
 F = Vault count percentage of total count
                 A         B        C        D         E       F
            +---------+---------+-------+---------+---------+-------
      Total |     358 |     234 |  39.5 |      60 |       7 |  10.4
            +---------+---------+-------+---------+---------+-------
        D:1 |      31 |       0 |   0.0 |      18 |       0 |   0.0
        D:2 |      88 |     214 |  70.9 |      21 |       1 |   4.5
        D:3 |      42 |       0 |   0.0 |      10 |       0 |   0.0
        D:4 |     197 |      20 |   9.2 |      11 |       6 |  35.3
            +---------+---------+-------+---------+---------+-------
